 Dungeon Crawl Stone Soup version 0.27-a0-1565-gad902ab807 (webtiles) character file.

Game seed: 1535428392645850900

2087 quinnr the Zephyrmancer (level 9, -8/54 HPs)
             Began as a Tengu Air Elementalist on July 16, 2021.
             Was a Follower of Vehumet.
             Mangled by an orc warrior (18 damage)
             ... while paralysed by an orc warrior
             ... on level 6 of the Dungeon.
             The game lasted 00:18:01 (6818 turns).

quinnr the Zephyrmancer (Tengu Air Elementalist)    Turns: 6818, Time: 00:18:01

Health: -8/54      AC:  3    Str: 10    XL:     9   Next: 27%
Magic:  6/17       EV:  2    Int: 18    God:    Vehumet [*.....]
Gold:   211        SH:  0    Dex: 14    Spells: 4/18 levels left

rFire    . . .     SeeInvis .   m - staff of conjuration
rCold    . . .     Faith    .   (no shield)
rNeg     . . .     Spirit   .   a - +0 robe
rPois    .         Reflect  +   (helmet restricted)
rElec    .         Harm     .   (no cloak)
rCorr    .         Rampage  .   e - +0 pair of gloves
Will     .....                  (boots unavailable)
Stlth    ++........             q - amulet of reflection
HPRegen  0.18/turn              i - +4 ring of slaying
MPRegen  0.15/turn              (no ring)

@: paralysed, flying quickly and evasively, quick
A: beak, talons 3, nimble flight
a: Renounce Religion


You were on level 6 of the Dungeon.
You worshipped Vehumet.
Vehumet was aware of your devotion.
You visited 1 branch of the dungeon, and saw 6 of its levels.

You collected 211 gold pieces.

Inventory:

Hand Weapons
 w - a +4 vorpal spear
Armour
 a - a +0 robe (worn)
 e - a +0 pair of gloves (worn)
Magical Staves
 m - a staff of conjuration (weapon)
 s - a staff of poison
Jewellery
 g - a ring of ice
 i - a +4 ring of slaying (left hand)
 q - an amulet of reflection (around neck)
Scrolls
 b - 2 scrolls of teleportation {unknown}
 c - a scroll of enchant weapon {unknown}
 f - a scroll of amnesia {unknown}
 k - 3 scrolls of immolation {unknown}
 l - a scroll of vulnerability {unknown}
 r - a scroll of enchant armour {unknown}
 t - a scroll of magic mapping {unknown}
 u - a scroll of brand weapon {unknown}
 v - a scroll of acquirement {unknown}
 x - a scroll of silence {unknown}
 y - a scroll of fear {unknown}
 z - a scroll of torment {unknown}
Potions
 d - a potion of ambrosia
 h - 2 potions of curing
 j - a potion of flight
 n - a potion of degeneration {unknown}
 o - a potion of lignification {unknown}
 p - 2 potions of mutation


   Skills:
 - Level 5.0 Fighting
 - Level 2.1 Dodging
 - Level 2.0 Stealth
 - Level 5.0 Spellcasting
 - Level 1.3 Conjurations
 + Level 12.6 Air Magic


You had 4 spell levels left.
You knew the following spells:

 Your Spells              Type           Power      Damage    Failure   Level
a - Shock                 Conj/Air       100%       1d9       1%          1
b - Airstrike             Air            24%        N/A       1%          4
c - Summon Lightning Spi  Summ/Air       27%        N/A       10%         4
d - Lightning Bolt        Conj/Air       22%        1d37      22%         5

Your spell library contained the following spells:

 Spells                   Type           Power      Damage    Failure   Level
 Freeze                   Ice            16%        1d4       13%         1
 Static Discharge         Conj/Air       44%        N/A       1%          2
 Swiftness                Air            49%        N/A       1%          3


Dungeon Overview and Level Annotations

Branches:
Dungeon (6/15)             Temple (0/1) D:4

Altars:
Uskayaw
Vehumet


Innate Abilities, Weirdness & Mutations

You have a beak for a mouth.
You have claws for feet.
Your magical nature lets you fly swiftly and evasively.


Message History

Aiming: Airstrike (dangerous; 1% risk of failure)
Press: ? - help, Dir - move target, f - wight
Aim: a wight, wielding a +1 halberd and wearing a +0 robe (wandering, hasn't noticed you)
The air twists around and strikes the wight!
The wight is almost destroyed.
Unknown command.
Casting: Airstrike (dangerous; 1% risk of failure)
Confirm with . or Enter, or press ? or * to list all spells.
You don't have enough magic to cast this spell.
Unknown command.
Unknown command.
You feel a surge of power!
The zap hits the wight.
You destroy the wight!
Vehumet accepts your kill.
An orc warrior comes into view.
It is wielding a +0 halberd and carrying a wand of paralysis (9).
You feel a surge of power!
The zap hits the orc warrior.
The orc warrior is lightly wounded.
The orc warrior shouts!
You hear a shout! x2
The orc warrior throws a stone.
The stone hits you.
You feel a surge of power!
The zap hits the orc warrior.
The orc warrior is moderately wounded.
Something shouts, "Beg for mercy, thou lumpish motley-minded mammet!"
A shadow imp comes into view.
You feel a surge of power!
The zap hits the orc warrior.
The orc warrior is moderately wounded.
Unknown command.
The orc warrior zaps a wand.
You suddenly lose the ability to move!
The orc warrior throws a stone.
The stone hits you!
The orc warrior throws a stone.
The stone hits you!
The orc warrior hits you from afar with a +0 halberd!
* * * LOW HITPOINT WARNING * * *
The shadow imp gestures at you.
You struggle to resist.
The orc warrior hits you from afar with a +0 halberd.
* * * LOW HITPOINT WARNING * * *
The shadow imp hits you but does no damage.
An orc wizard comes into view. It is wielding a +0 dagger.
The shadow imp barely misses you.
The orc warrior hits you from afar with a +0 halberd!!
You die...

..#.....###.###...#..
.....)..# #.#........
###.....###.#.#......
#.........#.####... ..
##5...#####.# ##..
....###.....# #.# ##.
#....o#...#####.#######
#.#.5...##...........
#.##@#.........######
#.##.......##.##
#.####.######.# #.# #..#
#.# # #.# ##.# #.# ######
#.# #.#####.###### .....#
#.# #...)........#
####.###### #.#
#######.####.#
..........###<###########(#
#.#


You could see an orc warrior and a shadow imp.

Vanquished Creatures
  A yak (D:6)
  2 water moccasins
  2 ice beasts (D:5)
  A black bear (D:5)
  A necrophage (D:5)
  A centaur (D:6)
  An ogre (D:4)
  A phantom (D:6)
  Blork the orc (D:5)
  A gnoll sergeant (D:5)
  2 scorpions (D:5)
  A water moccasin skeleton (D:6)
  5 wights (D:6)
  A centaur zombie (D:6)
  A jelly (D:6)
  An orc priest (D:4)
  A centaur skeleton (D:6)
  4 iguanas
  An orc wizard (D:4)
  A scorpion zombie (D:5)
  A statue (D:3)
  2 hound skeletons (D:4)
  3 gnolls
  4 adders
  A shadow imp (D:5)
  A white imp (D:6)
  An ufetubus (D:4)
  5 worms
  3 dart slugs
  4 orcs
  9 endoplasms
  4 giant cockroaches
  3 goblins
  5 hobgoblins
  7 jackals
  7 kobolds
  4 quokkas
  7 ball pythons
  2 bats
  3 rats
106 creatures vanquished.

Vanquished Creatures (collateral kills)
  A yak (D:6)
1 creature vanquished.

Vanquished Creatures (others)
  5 fungi (D:6)
5 creatures vanquished.

Grand Total: 112 creatures vanquished

Notes
Turn   | Place    | Note
-------+----------+-------------------------------------------
     0 | D:1      | quinnr the Tengu Air Elementalist began the quest for the
                  | Orb.
     0 | D:1      | Reached XP level 1. HP: 10/10 MP: 4/4
    12 | D:1      | Found a faded altar of an unknown god.
   341 | D:1      | Reached XP level 2. HP: 15/15 MP: 4/6
   556 | D:1      | Reached skill level 5 in Air Magic
   886 | D:1      | Reached XP level 3. HP: 19/19 MP: 1/7
  1301 | D:2      | Reached skill level 6 in Air Magic
  1507 | D:2      | Reached XP level 4. HP: 24/24 MP: 1/8
  2539 | D:3      | Found a radiant altar of Vehumet.
  2539 | D:3      | Noticed a charred statue
  2617 | D:3      | HP: 2/24 [charred statue/puff of flame (12)]
  3130 | D:4      | Gained mutation: Your magical nature lets you fly swiftly
                  | and evasively. [Tengu growth]
  3130 | D:4      | Reached XP level 5. HP: 28/28 MP: 4/10
  3153 | D:3      | Reached skill level 7 in Air Magic
  3207 | D:3      | Learned a level 4 spell: Airstrike
  3249 | D:3      | Killed a charred statue
  3255 | D:3      | Became a worshipper of Vehumet
  3576 | D:4      | Reached XP level 6. HP: 32/32 MP: 4/12
  3815 | D:4      | Found a staircase to the Ecumenical Temple.
  3833 | D:4      | Noticed a water moccasin
  3836 | D:4      | Killed a water moccasin
  3837 | D:4      | Reached skill level 8 in Air Magic
  3838 | D:4      | Reached XP level 7. HP: 36/36 MP: 3/14
  4414 | D:4      | Found a hide-covered altar of Uskayaw.
  4623 | D:5      | Entered Level 5 of the Dungeon
  4625 | D:5      | Noticed Blork the orc
  4630 | D:5      | Killed Blork the orc
  4801 | D:5      | Reached skill level 5 in Spellcasting
  4801 | D:5      | Reached skill level 9 in Air Magic
  4821 | D:5      | quinnr: ??weapon damage
  4821 | D:5      | beem: weapon damage[1/5]: Approximately:
                  | 1d(base*strength_bonus)*skill_bonus + random2(to_dam +
                  | slaying + 1) + various bonuses. Weapon {brand} is applied
                  | after monster AC reduction.
  4821 | D:5      | quinnr: ??spear
  4821 | D:5      | beem: spear[1/1]: (polearms; +4 acc / 6 dam / 1.1 base
                  | delay / 0.5 min delay). A hunting weapon consisting of a
                  | wooden shaft with a pointed metal head fastened on one end.
  4821 | D:5      | quinnr: ??whip
  4821 | D:5      | beem: whip[1/1]: (maces & flails; +2 acc / 6 dam / 1.1 base
                  | delay / 0.5 min delay). A long plaited strip of leather.
  4871 | D:5      | Reached * piety under Vehumet
  4871 | D:5      | Offered knowledge of Freeze by Vehumet.
  5015 | D:5      | Reached skill level 10 in Air Magic
  5203 | D:5      | Reached skill level 1 in Fighting
  5203 | D:5      | Reached XP level 8. HP: 43/43 MP: 7/16
  5968 | D:6      | Reached skill level 11 in Air Magic
  6323 | D:6      | Noticed a yak
  6351 | D:6      | Killed a yak
  6357 | D:6      | Learned a level 4 spell: Summon Lightning Spire
  6363 | D:6      | Learned a level 5 spell: Lightning Bolt
  6418 | D:6      | Noticed a yak
  6457 | D:6      | Killed a yak
  6458 | D:6      | Reached skill level 5 in Fighting
  6458 | D:6      | Reached XP level 9. HP: 54/54 MP: 7/17
  6556 | D:6      | Reached skill level 12 in Air Magic
  6812 | D:6      | Paralysed by an orc warrior for 7 turns
  6818 | D:6      | Mangled by an orc warrior

Illustrated notes

Levels and vault maps discovered:
D:1:      heliophobic_arrival_glass_houses, layout_rooms,
          basic_ecumenical_altar, feat_on_display
D:2:      layout_loops_cross
D:3:      layout_basic, vehumet_statue
D:4:      layout_cave_pools, lemuel_coloured_pillars_altar,
          minmay_temple_entry_statues_pillars, kennysheep_generic_room_13
D:5:      layout_loops_ring, serial_rivers, chequers_serial_rivers_large_a,
          chequers_serial_rivers_room_b, chequers_serial_rivers_micro_e,
          chequers_serial_rivers_micro_b, chequers_serial_rivers_micro_e,
          chequers_serial_rivers_marsh, uniq_blork_the_orc
D:6:      layout_loops_ring, nicolae_overflow_crystal_walls,
          minmay_misc_feat_plants, uniq_maggie

Skill      XL: |  1  2  3  4  5  6  7  8  9 |
---------------+----------------------------+-----
Air Magic      | 5 6 7 8 10 11 12 | 12.6
Spellcasting   | 3 4 5 |  5.0
Fighting       | 1 5 |  5.0
Dodging        | |  2.1
Stealth        | |  2.0
Conjurations   | |  1.3

Action                   |  1- 3 |  4- 6 |  7- 9 || total
-------------------------+-------+-------+-------++-------
Melee: Unarmed           |    21 |     1 |       ||    22
       Kick              |     3 |     1 |     5 ||     9
       Staff             |       |     1 |     9 ||    10
       Peck              |       |     1 |       ||     1
 Cast: Shock             |    73 |    99 |   112 ||   284
       Airstrike         |       |     6 |    27 ||    33
       Summon Lightning  |       |       |     1 ||     1
  Use: Scroll            |       |     3 |     1 ||     4
Armor: Robe              |     2 |     4 |     5 ||    11
Dodge: Dodged            |    24 |    25 |    11 ||    60
Block: Other             |       |       |     9 ||     9
       Reflection        |       |       |     2 ||     2

Table legend: (Time is in decaauts)
 A = Elapsed time spent in this place.
 B = Non-inter-level travel time spent in this place.
 C = Inter-level travel time spent in this place.
 D = Time resting spent in this place.
 E = Time spent auto-exploring this place.
 F = Levels seen in this place.
 G = Mean time per level.
                   A        B        C        D        E       F      G
               +--------+--------+--------+--------+--------+-----+--------+
         Total |   6652 |   6495 |    157 |    727 |   4931 |   6 | 1108.7 |
       Dungeon |   6652 |   6495 |    157 |    727 |   4931 |   6 | 1108.7 |
               +--------+--------+--------+--------+--------+-----+--------+

Top non-repeatable levels by time:
     D:3: 1352 daAuts
     D:4: 1300 daAuts
     D:5: 1178 daAuts
     D:2: 998 daAuts
     D:1: 979 daAuts
     D:6: 844 daAuts
